 Dungeon Crawl Stone Soup version 0.21-a0-630-g344d351 (webtiles) character file.

68 Alarkh the Digger (level 4, 19/30 HPs)
             Began as a Demonspawn Earth Elementalist on Dec 26, 2017.
             Got out of the dungeon alive.
             The game lasted 00:01:41 (1739 turns).

Alarkh the Digger (Demonspawn Earth Elementalist)   Turns: 1739, Time: 00:01:41

Health: 19/30      AC:  5    Str:  9    XL:     4   Next: 1%
Magic:  17/17      EV: 11    Int: 17    God:
Gold:   43         SH:  0    Dex: 13    Spells: 8/9 levels left

rFire    . . .     SeeInvis +   (no weapon)
rCold    . . .     Gourm    .   (no shield)
rNeg     . . .     Faith    .   r - +0 ring mail
rPois    .         Spirit   .   (no helmet)
rElec    .         Reflect  .   (no cloak)
rCorr    .         Harm     .   (no gloves)
MR       .....                  (no boots)
Stlth    +.........             (no amulet)
HPRegen  0.10/turn              k - ring of magical power
MPRegen  0.15/turn              p - ring of see invisible

@: no status effects
A: demonic guardian 1, sturdy frame 2
a: no special abilities


You escaped.
You were not hungry.

You visited 1 branch of the dungeon, and saw 2 of its levels.

You collected 43 gold pieces.

Inventory:

Missiles
 b - 65 stones (quivered)
Armour
 c - a +0 robe
 r - a +0 ring mail (worn)
Jewellery
 k - a ring of magical power (left hand)
 p - a ring of see invisible (right hand)
Scrolls
 e - 3 scrolls of identify
 f - a scroll of blinking {unknown}
 h - a scroll of enchant armour {unknown}
 j - 2 scrolls of noise {unknown}
 m - 4 scrolls of teleportation {unknown}
 o - 2 scrolls of remove curse {unknown}
 t - a scroll of immolation {unknown}
Potions
 g - a potion of might
 i - a potion of haste {unknown}
 n - 2 potions of ambrosia {unknown}
 q - a potion of flight {unknown}
 s - a potion of curing {unknown}
Books
 l - a book of Geomancy

   Spells                             Type                      Level
   a - Sandblast                      Earth                        1
   b - Passwall                       Transmutation/Earth          2
   c - Stone Arrow                    Conjuration/Earth            3
   d - Petrify                        Transmutation/Earth          4
   e - Lee's Rapid Deconstruction     Earth                        5
Comestibles
 a - 6 chunks of flesh
 d - 2 rations


   Skills:
 - Level 1.7 Dodging
 - Level 1.7 Stealth
 + Level 3.1 Spellcasting
   Level 0.8 Transmutations
 + Level 3.7 Earth Magic


You had 8 spell levels left.
You knew the following spells:

 Your Spells              Type           Power        Failure   Level  Hunger
a - Sandblast             Erth           ###...       4%          1    None


Dungeon Overview and Level Annotations

Branches:
Dungeon (2/15)

Altars:


Innate Abilities, Weirdness & Mutations

A weak demonic guardian rushes to your aid.
Your movements are less encumbered by armour. (ER -4)


Message History

A stone staircase leading down.
Unknown command.
(D) Dungeon
Where to? (Enter - D:2, ? - help)
Okay, then.
You can't go up here!
(D) Dungeon
Where to? (Enter - D:2, ? - help)
Okay, then.
Eating one of 9 chunks of flesh.
You eat one of the 9 chunks of flesh.
This raw flesh tastes terrible.
As you open the door, it creaks loudly!
There is an open door here.
There is an open door here.
Magic restored.
There is an empty arch of ancient stone here.
Some of the chunks of flesh in your inventory have rotted away.
There is a staircase leading out of the dungeon here.
Are you sure you want to leave the Dungeon?
This will make you lose the game!
You have escaped!

...........##...≈...#.##.#
#.#
......#######.♣.≈.♣.#....#
#.# ......# #...≈...#.####
#.# ......# #.8.≈.8.#.#
#.# ......#
#..(≈...#)##### #.#
......# #.♣.≈.♣.#.....#
#.# ......#
#...≈...#####.#####.#
#####.# ###...###
#.......# #.# ##@##
######### #####.########
### #............#
#............#
#......(.....#
#............#
#####.######## #..).....#
#.###.##.#


There were no monsters in sight!

Vanquished Creatures
  Natasha (D:2)
  A worm (D:2)
  2 leopard geckos (D:1)
  An orc (D:2)
  3 giant cockroaches
  7 goblins
  6 hobgoblins
  3 kobolds (D:1)
  2 quokkas (D:2)
  4 bats
  A frilled lizard (D:2)
  2 rats
33 creatures vanquished.

Notes
Turn   | Place    | Note
-------+----------+-------------------------------------------
     0 | D:1      | Alarkh the Demonspawn Earth Elementalist began the quest for the Orb.
     0 | D:1      | Reached XP level 1. HP: 13/13 MP: 3/3
   552 | D:1      | Gained mutation: Your movements are slightly less encumbered by armour. (ER -2) [demonic ancestry]
   552 | D:1      | Reached XP level 2. HP: 19/19 MP: 5/5
  1228 | D:2      | Gained mutation: Your movements are less encumbered by armour. (ER -4) [demonic ancestry]
  1228 | D:2      | Reached XP level 3. HP: 24/24 MP: 7/7
  1654 | D:2      | Noticed Natasha
  1660 | D:2      | Killed Natasha
  1660 | D:2      | Gained mutation: A weak demonic guardian rushes to your aid. [demonic ancestry]
  1660 | D:2      | Reached XP level 4. HP: 11/30 MP: 8/8
  1739 | D:$      | Got out of the dungeon alive.

Vault maps used:
D:1:      mainiacjoe_arrival_reflecting_pool, hangedman_decor_diamond_cutter
D:2:      uniq_terence, uniq_natasha

Skill      XL: |  1  2  3 |
---------------+----------+-----
Earth Magic    | 3 |  3.7
Spellcasting   | 3 |  3.1
Dodging        | |  1.7
Stealth        | |  1.7
Transmutations | |  0.8

Action                   |  1- 3 |  4- 6 || total
-------------------------+-------+-------++-------
Melee: Unarmed           |     3 |       ||     3
 Cast: Sandblast         |    52 |     1 ||    53
  Use: Scroll            |     1 |       ||     1
  Eat: Chunk             |     2 |     1 ||     3
Armor: Robe              |     4 |       ||     4
       Ring mail         |     2 |       ||     2
Dodge: Dodged            |    17 |       ||    17

Table legend:
 A = Spawn XP
 B = Non-spawn XP
 C = Spawn XP percentage of total XP
 D = Spawn monster count
 E = Non-spawn monster count
 F = Spawn count percentage of total count
 G = Total turns spent on level
                    A         B        C        D         E        F      G
               +---------+---------+-------+---------+---------+-------+---------
         Total |       0 |      98 |   0.0 |       0 |      33 |   0.0 |  1739
               +---------+---------+-------+---------+---------+-------+---------
           D:1 |       0 |      34 |   0.0 |       0 |      18 |   0.0 |  1233
           D:2 |       0 |      64 |   0.0 |       0 |      15 |   0.0 |   506
               +---------+---------+-------+---------+---------+-------+---------
